 Dungeon Crawl Stone Soup version 0.29.0-4-gdea44cf6ec (webtiles) character file.

Game seed: 3958895160487493352

4615 qw the Cleaver (level 10, -11/64 HPs)
             Began as a Gargoyle Delver on Sept 10, 2022.
             Was a Priest of Okawaru.
             Shot with a bolt by an orc warrior (21 damage)
             ... on level 8 of the Dungeon.
             The game lasted 00:03:06 (10033 turns).

qw the Cleaver (Gargoyle Delver)                   Turns: 10033, Time: 00:03:07

Health: -11/64     AC: 22    Str: 20    XL:     10   Next: 42%
Magic:  12/13      EV:  8    Int: 11    God:    Okawaru [***...]
Gold:   506        SH:  0    Dex: 11    Spells: 9/9 levels left

rFire   . . .      SeeInvis .   Y - +1 broad axe (venom)
rCold   . . .      Faith    .   (no shield)
rNeg    + . .      Spirit   .   e - +0 plate armour
rPois   inf        Reflect  .   (no helmet)
rElec   +          Harm     .   (no cloak)
rCorr   .          Rampage  .   (no gloves)
Will    .....                   (no boots)
Stlth   ..........              q - amulet of regeneration
HPRegen 1.00/turn               (no ring)
MPRegen 0.13/turn               (no ring)

@: about to teleport, heroic
A: sickness immunity, AC +7, negative energy resistance 1, electricity
resistance, torment resistance 1, petrification resistance
a: Renounce Religion, Heroism


You were on level 8 of the Dungeon.
You worshipped Okawaru.
Okawaru was most pleased with you.
You visited 2 branches of the dungeon, and saw 9 of its levels.
You also visited: Sewer.

You collected 506 gold pieces.


Innate Abilities, Weirdness & Mutations

You are immune to sickness and miasma.
Your stone body is resilient. (AC +7)
You are immune to poison.
You resist negative energy. (rN+)
You are resistant to electric shocks. (rElec)
You are resistant to unholy torment.
You are immune to petrification.


   Skills:
 - Level 8.0(13.0) Fighting
 + Level 10.5(15.5) Axes
 - Level 6.6(11.6) Armour
 - Level 1.5(6.5) Dodging
 - Level 5.4(10.4) Stealth
 - Level 4.0 Invocations


You had 9 spell levels left.
You didn't know any spells.
Your spell library was empty.

Inventory:

Hand Weapons
 j - a +0 morningstar
 Y - a +1 broad axe of venom (weapon)
Armour
 e - a +0 plate armour (worn)
Jewellery
 d - a ring of fire
 q - an amulet of regeneration (around neck)
Wands
 g - a wand of digging (3)
Scrolls
 n - a scroll of teleportation
 o - a scroll of identify
Potions
 a - 2 potions of mutation
 b - a potion of resistance
 c - a potion of cancellation
 f - 2 potions of haste
 h - a potion of heal wounds
 k - a potion of magic {unknown}
 l - a potion of might
 m - a potion of curing
 p - a potion of brilliance {unknown}
 r - a potion of ambrosia {unknown}
 s - a potion of berserk rage {unknown}

Dungeon Overview and Level Annotations

Branches:
Dungeon (8/15)             Temple (1/1) D:4           Sewer (visited)
   Lair: D:8-11

Altars:
Ashenzari
Dithmenos
Elyvilon
Fedhas
Gozag
Hepliaklqana
Kikubaaqudgha
Makhleb
Nemelex Xobeh
Okawaru
Qazlal
Trog
Vehumet
Wu Jian
Xom
Zin
The Shining One

Shops:
D:3 (


Message History

The yak gores you!
The kobold brigand hits you but does no damage.
You slash the yak!
You kill the yak!
Okawaru accepts your kill.
You closely miss the kobold brigand. You hit the kobold brigand.
The kobold brigand looks as sick as possible!
The kobold brigand is moderately wounded.
The kobold brigand closely misses you.
The orc warrior zaps a wand.
Some rock shatters into small pieces.
The orc warrior shoots a bolt.
The bolt hits you but does no damage.
You hit the kobold brigand but do no damage.
The kobold brigand looks as sick as possible!
The kobold brigand is heavily wounded.
A necrophage comes into view.
The kobold brigand hits you but does no damage.
The orc warrior drinks a potion.
The orc warrior seems to speed up.
You completely miss the kobold brigand.
The kobold brigand is heavily wounded.
The orc warrior shoots a bolt.
The bolt closely misses you.
The orc warrior throws a stone.
The stone barely misses you.
The kobold brigand hits you but does no damage.
You slice the kobold brigand!!
You kill the kobold brigand!
Okawaru accepts your kill.
The orc warrior shoots a bolt.
The bolt hits you.
You slice the orc warrior!!
The orc warrior is severely wounded.
You slash the shadow imp!
You kill the shadow imp!
Okawaru accepts your kill.
The orc warrior shoots a bolt.
The bolt hits you!
The orc warrior hits you but does no damage.
The orc warrior shoots a bolt.
The bolt hits you!
10033 ||| READING 2 scrolls of teleportation.
As you read the scroll of teleportation, it crumbles to dust.
You feel strangely unstable.
The orc warrior shoots a bolt.
The bolt hits you!!
You die...

#.# #####.....## ###<#
#.# ..###.....###
##.#.# ###
....##..)...###....#
.....##....+.......###
###....#....###.....%.#
5..#...#...## #.#.#%#.#
....#..#..## #.###.#.#
8....#.)..# # #.#.#
...8..o.@.# #.#.#
....n.'o..# #.#.#
...8...#.## #.#.#
8....#...# #.###.#.#
.... ..#.#### #.......#
... ...#....#######.###
## ....#..#..######.#
....##.###........#
....##...#..########


You could see 2 orc warriors and a necrophage.

Vanquished Creatures
  Erica (D:8)
  Maurice (D:8)
  5 yaks (D:8)
  4 steam dragons
  An ice beast (D:5)
  Pargi (Sewer)
  2 black bears
  An orc warrior (D:7)
  A sky beast (D:8)
  An ogre (D:4)
  A phantom (D:5)
  A kobold brigand (D:8)
  3 bullfrogs
  5 scorpions
  A necrophage (D:4)
  4 wights (D:8)
  6 killer bees (D:7)
  A jelly (D:7)
  2 hounds
  2 orc priests (D:6)
  4 iguanas (D:7)
  Terence (D:2)
  3 orc wizards
  3 gnolls (D:3)
  13 adders
  A river rat (D:3)
  2 shadow imps
  3 white imps
  2 worms
  2 dart slugs
  30 orcs
  9 ball pythons
  2 endoplasms (D:4)
  6 giant cockroaches
  5 goblins
  7 hobgoblins
  10 kobolds
  A quokka (D:5)
  5 bats
  5 frilled lizards
  4 rats
162 creatures vanquished.

Notes
Turn   | Place    | Note
-------+----------+-------------------------------------------
     0 | D:5      | qw the Gargoyle Delver began the quest for the Orb.
     0 | D:5      | Reached XP level 1. HP: 14/14 MP: 1/1
     0 | D:5      | 0 ||| qw: Version: 0.1-a-116-g5d60599
     0 | D:5      | 0 ||| qw: Game counter: 9268
     0 | D:5      | 0 ||| qw: Always use a shield: true
     0 | D:5      | 0 ||| qw: God list: Okawaru
     0 | D:5      | 0 ||| qw: Allow faded altars: false
     0 | D:5      | 0 ||| qw: Do Orc after D:15 true
     0 | D:5      | 0 ||| qw: Do second Lair branch before Depths: true
     0 | D:5      | 0 ||| qw: Lair rune preference: random
     0 | D:5      | 0 ||| qw: Plans: Normal
     0 | D:5      | 0 ||| PLANNING D:1-11
    63 | D:5      | 63 ||| Stepping ~*~*~tactically~*~*~ (stealth).
    65 | D:5      | 65 ||| Stepping ~*~*~tactically~*~*~ (stealth).
   344 | D:5      | 344 ||| READING scroll labelled OGYEJI FIVVOOV.
   345 | D:5      | 345 ||| DROPPING scroll of fog.
   346 | D:5      | 346 ||| DROPPING scroll of magic mapping.
   347 | D:5      | 347 ||| DROPPING scroll of fear.
   382 | D:4      | Noticed a necrophage
   383 | D:4      | 383 ||| Stepping ~*~*~tactically~*~*~ (stealth).
   385 | D:4      | 385 ||| Stepping ~*~*~tactically~*~*~ (stealth).
   387 | D:4      | 387 ||| Stepping ~*~*~tactically~*~*~ (stealth).
   398 | D:4      | HP: 1/14 [necrophage (3)]
   399 | D:4      | Killed a necrophage
   400 | D:4      | Reached skill level 3 in Axes
   400 | D:4      | Reached XP level 2. HP: 1/19 MP: 2/2
   400 | D:4      | Reached XP level 3. HP: 1/23 MP: 3/3
   400 | D:4      | Reached XP level 4. HP: 2/28 MP: 4/4
   453 | D:4      | 453 ||| Stepping ~*~*~tactically~*~*~ (stealth).
   462 | D:4      | 462 ||| Stepping ~*~*~tactically~*~*~ (stealth).
   464 | D:4      | 464 ||| Stepping ~*~*~tactically~*~*~ (stealth).
   468 | D:4      | 468 ||| Stepping ~*~*~tactically~*~*~ (stealth).
   514 | D:4      | 514 ||| Stepping ~*~*~tactically~*~*~ (stealth).
   518 | D:4      | 518 ||| Stepping ~*~*~tactically~*~*~ (stealth).
   519 | D:4      | 519 ||| Stepping ~*~*~tactically~*~*~ (stealth).
   543 | D:4      | 543 ||| Stepping ~*~*~tactically~*~*~ (stealth).
   544 | D:4      | 544 ||| Stepping ~*~*~tactically~*~*~ (stealth).
   786 | D:3      | 786 ||| PLANNING SEWER
   791 | D:3      | Reached skill level 4 in Axes
   894 | D:3      | Found a glowing drain.
  1084 | D:3      | 1084 ||| DRINKING 2 lumpy pink potions.
  1085 | D:3      | 1085 ||| DRINKING 2 inky potions.
  1086 | D:3      | 1086 ||| DROPPING potion of degeneration.
  1093 | Sewer    | Entered a sewer
  1132 | Sewer    | 1132 ||| Stepping ~*~*~tactically~*~*~ (water).
  1249 | Sewer    | Noticed Pargi
  1262 | Sewer    | 1262 ||| Stepping ~*~*~tactically~*~*~ (water).
  1277 | Sewer    | Killed Pargi
  1278 | Sewer    | Reached skill level 5 in Axes
  1278 | Sewer    | Reached XP level 5. HP: 14/32 MP: 5/5
  1500 | Sewer    | 1500 ||| Stepping ~*~*~tactically~*~*~ (water).
  1522 | Sewer    | 1522 ||| READING scroll labelled HIUCHE LYOG.
  1529 | D:3      | 1529 ||| PLANNING D:1-11
  1569 | D:2      | 1569 ||| Stepping ~*~*~tactically~*~*~ (stealth).
  1571 | D:2      | 1571 ||| Stepping ~*~*~tactically~*~*~ (stealth).
  1573 | D:2      | 1573 ||| Stepping ~*~*~tactically~*~*~ (stealth).
  1577 | D:2      | 1577 ||| Stepping ~*~*~tactically~*~*~ (stealth).
  1578 | D:2      | 1578 ||| Stepping ~*~*~tactically~*~*~ (stealth).
  1580 | D:2      | 1580 ||| Stepping ~*~*~tactically~*~*~ (stealth).
  1581 | D:2      | 1581 ||| Stepping ~*~*~tactically~*~*~ (stealth).
  1583 | D:2      | 1583 ||| Stepping ~*~*~tactically~*~*~ (stealth).
  1585 | D:2      | 1585 ||| Stepping ~*~*~tactically~*~*~ (stealth).
  1587 | D:2      | 1587 ||| Stepping ~*~*~tactically~*~*~ (stealth).
  1819 | D:1      | 1819 ||| Stepping ~*~*~tactically~*~*~ (hiding).
  1842 | D:1      | 1842 ||| Stepping ~*~*~tactically~*~*~ (stealth).
  1847 | D:1      | 1847 ||| Stepping ~*~*~tactically~*~*~ (stealth).
  1851 | D:1      | 1851 ||| Stepping ~*~*~tactically~*~*~ (stealth).
  1852 | D:1      | 1852 ||| Stepping ~*~*~tactically~*~*~ (stealth).
  1999 | D:1      | 1999 ||| DROPPING +0 club.
  2140 | D:1      | 2140 ||| Stepping ~*~*~tactically~*~*~ (stealth).
  2823 | D:1      | 2823 ||| UPGRADING to +0 chain mail.
  2833 | D:1      | 2833 ||| DROPPING +0 leather armour.
  2834 | D:1      | 2834 ||| READING scroll labelled POYKAM ICAU.
  3008 | D:2      | Reached XP level 6. HP: 35/38 MP: 6/6
  3243 | D:2      | Noticed Terence
  3261 | D:2      | Killed Terence
  3262 | D:2      | Reached skill level 1 in Armour
  3427 | D:2      | 3427 ||| READING scroll labelled CIZXAS TUNEMU.
  3427 | D:2      | Identified a scroll of acquirement
  3427 | D:2      | 3427 ||| ACQUIRING +1 broad axe of venom
  3427 | D:2      | Acquired a +1 broad axe of venom
  3429 | D:2      | 3429 ||| SWAPPING to +1 broad axe of venom.
  3430 | D:2      | 3430 ||| DROPPING +0 hand axe.
  3431 | D:2      | 3431 ||| DRINKING 2 golden potions.
  3648 | D:3      | Found Yripo's Weapon Shoppe.
  4254 | D:3      | 4254 ||| READING scroll labelled CONWAPP FEGOMA.
  4255 | D:3      | 4255 ||| READING 2 scrolls of identify.
  4255 | D:3      | 4255 ||| IDENTIFYING coppery potion
  4305 | D:4      | HP: 5/38 [ogre/+0 giant spiked club (33)]
  4306 | D:4      | 4306 ||| READING 2 scrolls of teleportation.
  4311 | D:4      | 4311 ||| FLEEEEING.
  4312 | D:4      | 4312 ||| FLEEEEING.
  4313 | D:4      | 4313 ||| STAIRDANCE
  4615 | D:4      | Noticed a black bear
  4616 | D:4      | 4616 ||| Stepping ~*~*~tactically~*~*~ (stealth).
  4627 | D:4      | Killed a black bear
  4628 | D:4      | Reached skill level 6 in Axes
  4628 | D:4      | Reached XP level 7. HP: 38/43 MP: 7/7
  4682 | D:4      | Found a staircase to the Ecumenical Temple.
  4683 | D:4      | 4683 ||| PLANNING TEMPLE
  4690 | Temple   | Entered the Ecumenical Temple
  4766 | Temple   | 4766 ||| PLANNING D:1-11
  4792 | Temple   | Became a worshipper of Warmaster Okawaru
  5730 | D:4      | 5730 ||| DROPPING scarf of shadows.
  5731 | D:4      | 5731 ||| READING scroll labelled EFIODY HOIH.
  5732 | D:4      | 5732 ||| READING 3 scrolls of identify.
  5732 | D:4      | 5732 ||| IDENTIFYING fizzy golden potion
  5733 | D:4      | 5733 ||| READING 2 scrolls of identify.
  5733 | D:4      | 5733 ||| IDENTIFYING fizzy emerald potion
  5734 | D:4      | 5734 ||| DROPPING potion of flight.
  5790 | D:5      | Reached skill level 3 in Armour
  5958 | D:5      | 5958 ||| DROPPING +0 whip.
  6169 | D:5      | 6169 ||| Stepping ~*~*~tactically~*~*~ (stealth).
  6273 | D:5      | Reached skill level 7 in Axes
  6305 | D:5      | 6305 ||| Stepping ~*~*~tactically~*~*~ (stealth).
  6312 | D:5      | Reached XP level 8. HP: 43/48 MP: 8/8
  6494 | D:5      | 6494 ||| Stepping ~*~*~tactically~*~*~ (stealth).
  6495 | D:5      | 6495 ||| Stepping ~*~*~tactically~*~*~ (stealth).
  6537 | D:5      | 6537 ||| Stepping ~*~*~tactically~*~*~ (hiding).
  6652 | D:5      | 6652 ||| DROPPING +0 flail.
  6784 | D:5      | Found a hazy altar of Hepliaklqana.
  6972 | D:5      | 6972 ||| DRINKING 2 lumpy red potions.
  7028 | D:6      | Reached skill level 8 in Axes
  7028 | D:6      | 7028 ||| Stepping ~*~*~tactically~*~*~ (cloud).
  7029 | D:6      | 7029 ||| Stepping ~*~*~tactically~*~*~ (cloud).
  7030 | D:6      | 7030 ||| Stepping ~*~*~tactically~*~*~ (cloud).
  7031 | D:6      | 7031 ||| Stepping ~*~*~tactically~*~*~ (cloud).
  7032 | D:6      | 7032 ||| STAIRDANCE
  7234 | D:6      | Reached * piety under Okawaru
  7292 | D:6      | 7292 ||| INVOKING Heroism.
  7497 | D:6      | Reached skill level 1 in Invocations
  7576 | D:6      | 7576 ||| INVOKING Heroism.
  7582 | D:6      | 7582 ||| Stepping ~*~*~tactically~*~*~ (hiding).
  7592 | D:6      | Reached skill level 6 in Fighting
  7733 | D:6      | Found a shimmering altar of Xom.
  7736 | D:6      | Found a glowing silver altar of Zin.
  7738 | D:6      | Found an opulent altar of Gozag.
  7738 | D:6      | Found a radiant altar of Vehumet.
  8050 | D:6      | 8050 ||| Stepping ~*~*~tactically~*~*~ (cloud).
  8052 | D:6      | 8052 ||| INVOKING Heroism.
  8064 | D:6      | Reached XP level 9. HP: 26/55 MP: 7/10
  8065 | D:6      | 8065 ||| INVOKING Heroism.
  8339 | D:6      | Reached skill level 9 in Axes
  8339 | D:6      | Reached skill level 3 in Invocations
  8730 | D:6      | 8730 ||| UPGRADING to +0 plate armour.
  8740 | D:6      | 8740 ||| DROPPING +0 chain mail.
  8741 | D:6      | 8741 ||| UPGRADING to amulet of regeneration.
  8746 | D:6      | 8746 ||| DRINKING 2 red potions.
  9046 | D:7      | 9046 ||| Stepping ~*~*~tactically~*~*~ (stealth).
  9050 | D:7      | 9050 ||| INVOKING Heroism.
  9054 | D:7      | Reached ** piety under Okawaru
  9059 | D:7      | 9059 ||| Stepping ~*~*~tactically~*~*~ (stealth).
  9132 | D:7      | 9132 ||| INVOKING Heroism.
  9291 | D:7      | 9291 ||| INVOKING Heroism.
  9339 | D:7      | Found a broken altar of Ashenzari.
  9473 | D:7      | 9473 ||| READING scroll labelled ZALINK LYCODO.
  9519 | D:8      | 9519 ||| INVOKING Heroism.
  9599 | D:8      | 9599 ||| Stepping ~*~*~tactically~*~*~ (hiding).
  9602 | D:8      | Noticed Maurice
  9607 | D:8      | 9607 ||| INVOKING Heroism.
  9609 | D:8      | HP: 10/59 [wight/+5 halberd (7)]
  9610 | D:8      | 9610 ||| READING 3 scrolls of teleportation.
  9611 | D:8      | 9611 ||| DRINKING 2 potions of heal wounds.
  9652 | D:8      | 9652 ||| INVOKING Heroism.
  9655 | D:8      | Killed Maurice
  9656 | D:8      | Reached skill level 10 in Axes
  9656 | D:8      | Reached XP level 10. HP: 27/64 MP: 10/13
  9723 | D:8      | 9723 ||| Stepping ~*~*~tactically~*~*~ (stealth).
  9843 | D:8      | Noticed Erica
  9844 | D:8      | 9844 ||| INVOKING Heroism.
  9858 | D:8      | Killed Erica
  9858 | D:8      | Reached *** piety under Okawaru
  9859 | D:8      | Reached skill level 6 in Armour
  9941 | D:8      | 9941 ||| INVOKING Heroism.
  9942 | D:8      | 9942 ||| Stepping ~*~*~tactically~*~*~ (cloud).
  9958 | D:8      | 9958 ||| Stepping ~*~*~tactically~*~*~ (cloud).
 10011 | D:8      | 10011 ||| Stepping ~*~*~tactically~*~*~ (stealth).
 10019 | D:8      | 10019 ||| Stepping ~*~*~tactically~*~*~ (stealth).
 10021 | D:8      | 10021 ||| INVOKING Heroism.
 10024 | D:8      | 10024 ||| Stepping ~*~*~tactically~*~*~ (hiding).
 10032 | D:8      | HP: 9/64 [orc warrior/bolt (12)]
 10033 | D:8      | 10033 ||| READING 2 scrolls of teleportation.
 10033 | D:8      | Shot with a bolt by an orc warrior

Levels and vault maps discovered:
D:1:      dpeg_chamrin_arrival_tetris, layout_loops_ring
D:2:      layout_basic, uniq_terence
D:3:      layout_basic, serial_shops, shop, cheibrodos_sewer_entry_sluice,
          minmay_door_square, patterned_corridor
D:4:      layout_layer_cave, minmay_temple_entry_glass
D:5:      layout_loops_corners, mainiacjoe_overflow_alcove_2
D:6:      layout_cave_pods, grunt_temple_overflow_open
D:7:      layout_basic, nicolae_overflow_crystal_walls
D:8:      kennysheep_ambush_hall, layout_loops_corners, nrook_mini_backslash,
          uniq_erica, uniq_maurice
Temple:   jpeg_temple_clearing

Skill      XL: |  1  2  3  4  5  6  7  8  9 10 |
---------------+-------------------------------+-----
Axes           | 3 5 6 7 8 10 | 10.5
Armour         | 2 3 5 6 |  6.6
Fighting       | 4 6 7 8 |  8.0
Invocations    | 2 4 |  4.0
Dodging        | |  1.5
Stealth        | |  5.4

Action                   |  1- 3 |  4- 6 |  7- 9 | 10-12 || total
-------------------------+-------+-------+-------+-------++-------
Melee: Hand axe          |    16 |   198 |       |       ||   214
       Broad axe         |       |    33 |   259 |    41 ||   333
       Punch             |       |       |     4 |     1 ||     5
Invok: Heroism           |       |       |    10 |     3 ||    13
  Use: Scroll            |     1 |     6 |     5 |     1 ||    13
       Potion            |       |     3 |     3 |       ||     6
 Stab: Sleeping          |       |     1 |       |       ||     1
Armor: Leather armour    |     3 |    71 |       |       ||    74
       Chain mail        |       |    50 |   118 |       ||   168
       Plate armour      |       |       |    58 |    22 ||    80
Dodge: Dodged            |     6 |   135 |    90 |    13 ||   244

Table legend:
 A = Non-vault XP
 B = Vault XP
 C = Vault XP percentage of total XP
 D = Non-vault monster count
 E = Vault monster count
 F = Vault count percentage of total count
                 A         B        C        D         E       F
            +---------+---------+-------+---------+---------+-------
      Total |    4626 |    1967 |  29.8 |     147 |      15 |   9.3
            +---------+---------+-------+---------+---------+-------
        D:1 |      33 |       0 |   0.0 |      20 |       0 |   0.0
        D:2 |      46 |      36 |  43.9 |      13 |       1 |   7.1
        D:3 |      84 |      14 |  14.3 |      13 |       2 |  13.3
        D:4 |     385 |       0 |   0.0 |      20 |       0 |   0.0
        D:5 |     824 |       0 |   0.0 |      32 |       0 |   0.0
        D:6 |    1075 |       0 |   0.0 |      20 |       0 |   0.0
        D:7 |     809 |       0 |   0.0 |      19 |       0 |   0.0
        D:8 |    1370 |    1769 |  56.4 |      10 |       7 |  41.2
      Sewer |       0 |     148 | 100.0 |       0 |       5 | 100.0
            +---------+---------+-------+---------+---------+-------
